 Dungeon Crawl Stone Soup version 0.30.1-11-g7821555f0a (webtiles) character file.

Game seed: 17517102438967866048

137 Glitchless the Cudgeller (level 5, 0/33 HPs)
             Began as a Gargoyle Berserker on Dec 8, 2023.
             Was a Believer of Trog.
             Slain by Grinder (6 damage)
             ... on level 3 of the Dungeon.
             The game lasted 00:03:43 (1948 turns).

Glitchless the Cudgeller (Gargoyle Berserker)       Turns: 1948, Time: 00:03:43

Health: 0/33       AC:  7    Str: 23    XL:     5   Next: 20%
Magic:  5/5        EV: 17    Int:  7    God:    Trog [**....]
Gold:   120        SH:  0    Dex:  9    Spells: 4/4 levels left

rFire   . . .        a - +0 mace
rCold   . . .        (no shield)
rNeg    + . .        i - +0 leather armour
rPois   ∞            (no helmet)
rElec   +            (no cloak)
rCorr   .            (no gloves)
SInv    .            (no boots)
Will    .....        (no amulet)
Stlth   +            d - +5 ring of evasion
HPRegen 0.25/turn    (no ring)
MPRegen 0.09/turn

%: no passive effects
@: no status effects
A: sickness immunity, AC +4, negative energy resistance 1, electricity
resistance, torment resistance 1, petrification resistance
a: Renounce Religion, Berserk, Trog's Hand


You were on level 3 of the Dungeon.
You worshipped Trog.
Trog was pleased with you.
You visited 1 branch of the dungeon, and saw 3 of its levels.

You collected 120 gold pieces.

Inventory:

Hand Weapons
 a - a +0 mace (weapon)
Missiles
 b - 8 boomerangs (quivered)
 j - 2 silver boomerangs
Armour
 i - a +0 leather armour (worn)
Jewellery
 d - a +5 ring of evasion (left hand)
Scrolls
 e - 2 scrolls of fear {unknown}
 f - a scroll of enchant weapon {unknown}
 g - a scroll of identify {unknown}
 h - a scroll of teleportation
 k - 4 scrolls of amnesia {unknown}
 l - a scroll of butterflies {unknown}
 n - a scroll of immolation {unknown}
 q - a scroll of acquirement {unknown}
Potions
 c - a potion of ambrosia {unknown}
 m - 2 potions of mutation {unknown}
 o - a potion of berserk rage {unknown}
 p - a potion of heal wounds {unknown}


   Skills:
 * Level 3.9 Fighting
 * Level 4.5 Maces & Flails
 * Level 2.7 Armour
 * Level 2.5 Dodging


You had 4 spell levels left.
You didn't know any spells.
Your spell library contained the following spells:

 Spells                   Type           Power      Damage    Failure   Level
 Magic Dart               Conj           0%         1d3       47%         1
 Call Imp                 Summ           0%         N/A       63%         2
 Mephitic Cloud           Conj/Pois/Air  0%         N/A       85%         3


Dungeon Overview and Level Annotations

Branches:
Dungeon (3/15)

Altars:
Vehumet

Annotations:
D:3 Grinder


Innate Abilities, Weirdness & Mutations

You are immune to sickness and miasma.
Your stone body is resilient. (AC +4)
You are immune to poison.
You resist negative energy. (rN+)
You are resistant to electric shocks. (rElec)
You are resistant to unholy torment.
You are immune to petrification.


Message History

Grinder blinks!
You sock Grinder!
Grinder is heavily wounded.
Grinder gestures at you. You resist with significant effort.
You closely miss Grinder.
Grinder is heavily wounded.
Grinder hits you.
You writhe in agony.
You closely miss Grinder.
Grinder is heavily wounded.
Grinder blinks!
Grinder gestures at you. You resist with significant effort.
You hit Grinder.
Grinder is severely wounded.
Grinder gestures at you. Pain shoots through your body!
You closely miss Grinder.
Grinder is severely wounded.
Grinder completely misses you. Grinder hits you but does no damage.
You thump Grinder!
Grinder is severely wounded.
Grinder gestures at you. Pain shoots through your body!
* * * LOW HITPOINT WARNING * * *
You hit Grinder.
Grinder is almost dead.
Grinder gestures at you. Pain shoots through your body!
* * * LOW HITPOINT WARNING * * *
You closely miss Grinder.
Grinder is almost dead.
Grinder barely misses you.
You barely miss Grinder.
Grinder is almost dead.
Grinder misses you.
You hit Grinder.
Grinder is almost dead.
Grinder misses you. Grinder hits you.
You die...

#.# #. #.# #.
#.# #. # #.# #.
#. #.# #. #..
#.# #. #..? #.#
#.
##....########.#
#.
......'5@.....>#
#.
##....########.#
#. #### #.# #.
#.# #. #.# #.
#.# #. #.# #.
#.# #. #.# #.


You could see Grinder.

Vanquished Creatures
  Natasha (D:3)
  Terence (D:3)
  4 adders
  A worm (D:2)
  2 dart slugs
  4 bats
  An endoplasm (D:2)
  A giant cockroach (D:2)
  3 goblins
  2 hobgoblins
  9 jackals
  5 quokkas
  4 ball pythons
  A frilled lizard (D:2)
  3 kobolds (D:1)
  5 rats
47 creatures vanquished.

Notes
Turn   | Place    | Note
-------+----------+-------------------------------------------
     0 | D:1      | Glitchless the Gargoyle Berserker began the quest for the
                  | Orb.
     0 | D:1      | Reached XP level 1. HP: 14/14 MP: 1/1
   171 | D:1      | Reached XP level 2. HP: 17/19 MP: 2/2
   632 | D:1      | Reached XP level 3. HP: 23/23 MP: 3/3
   823 | D:2      | Found a radiant altar of Vehumet.
  1002 | D:2      | Reached ** piety under Trog
  1300 | D:2      | Reached XP level 4. HP: 29/29 MP: 4/4
  1519 | D:2      | Reached skill level 4 in Maces & Flails
  1570 | D:2      | Found a faded altar of an unknown god.
  1708 | D:3      | Noticed Natasha
  1724 | D:3      | Killed Natasha
  1910 | D:3      | Noticed Terence
  1910 | D:3      | Noticed Grinder
  1910 | D:3      | Paralysed by Grinder for 3 turns
  1924 | D:3      | Killed Terence
  1925 | D:3      | Reached XP level 5. HP: 23/33 MP: 5/5
  1948 | D:3      | Slain by Grinder

Illustrated notes

Levels and vault maps discovered:
D:1:      amcnicky_arrival_flooded_fountain, layout_loops_cross,
          supply_closet_lemuel
D:2:      layout_loops_ring, shapermc_ecumenical_altar_mp_vishouse, basic_altar,
          solitary_fountain
D:3:      layout_basic, uniq_terence, uniq_grinder, uniq_natasha

Skill      XL: |  1  2  3  4 |
---------------+-------------+-----
Dodging        | 2 |  2.5
Maces & Flails | 4 |  4.5
Fighting       | |  3.9
Armour         | |  2.7

Action                     |  1- 3 |  4- 6 || total
---------------------------+-------+-------++-------
  Melee: Mace              |   146 |    82 ||   228
    Use: Scroll            |     1 |       ||     1
 Armour: Animal skin       |    51 |       ||    51
         Leather armour    |    15 |    18 ||    33
  Dodge: Dodged            |   162 |    98 ||   260
